 Dungeon Crawl Stone Soup version 0.20.1-1-g8b1a95d (webtiles) character file.

9086 homeworkjunkie the Cleaver (level 11, -13/97 HPs)
             Began as a Hill Orc Fighter on Nov 9, 2017.
             Was a High Priest of Okawaru.
             Mangled by a manticore (15 damage)
             ... on level 11 of the Dungeon.
             The game lasted 00:30:44 (11497 turns).

homeworkjunkie the Cleaver (Hill Orc Fighter)      Turns: 11497, Time: 00:30:45

Health: -13/97     AC: 19    Str: 21    XL:     11   Next: 41%
Magic:  14/14      EV: 10    Int:  8    God:    Okawaru [*****.]
Gold:   506        SH:  6    Dex: 12    Spells: 10/10 levels left

rFire    . . .     SeeInvis .   a - +1 war axe
rCold    . . .     Gourm    .   C - +1 buckler {rN+}
rNeg     + . .     Faith    .   c - +3 plate armour {MR+}
rPois    +         Spirit   .   L - +0 helmet
rElec    .         Reflect  .   (no cloak)
rCorr    .         Harm     .   (no gloves)
MR       +....                  x - +0 pair of boots {run}
Stlth    ..........             (no amulet)
Regen    0.3/turn               G - ring of poison resistance
MPRegen  0.2/turn               p - +3 ring of evasion

@: very slightly contaminated, starving, invisible (expiring), quick
A: no striking features
a: Heroism, Finesse, Renounce Religion


You were on level 11 of the Dungeon.
You worshipped Okawaru.
Okawaru was extremely pleased with you.
You were starving.

You visited 3 branches of the dungeon, and saw 14 of its levels.
You also visited: Ossuary.

You collected 1627 gold pieces.
You spent 1121 gold pieces at shops.

Inventory:

Hand Weapons
 a - a +1 war axe (weapon)
Missiles
 g - 8 tomahawks of returning
 u - 3 tomahawks (quivered)
 D - 6 javelins
Armour
 c - a +3 plate armour of magic resistance (worn)
 x - a +0 pair of boots of running (worn)
 y - a +1 pair of boots of flying
 C - a +1 buckler of positive energy (worn)
 L - a +0 helmet (worn)
Jewellery
 n - an uncursed ring of positive energy
 p - a +3 ring of evasion (right hand)
 s - an uncursed ring of protection from magic
 G - a ring of poison resistance (left hand)
Wands
 k - a wand of lightning (0/15)
 E - a wand of random effects (11/48)
 F - a wand of polymorph (11/24)
 H - a wand of flame (0/48)
Scrolls
 d - 6 scrolls of fear
 h - 4 scrolls of teleportation
 r - 3 scrolls of immolation
 v - 4 scrolls of remove curse
Potions
 b - 2 potions of agility
 e - a potion of magic {unknown}
 i - 3 potions of cancellation
 o - a potion of berserk rage {unknown}
 q - a potion of resistance {unknown}
 t - a potion of flight {unknown}
 B - a potion of mutation
 I - a potion of ambrosia {unknown}
 J - a potion of haste {unknown}
 K - a potion of might
 M - 2 potions of lignification {unknown}
Comestibles
 j - 18 fruits
 m - 4 bread rations
 w - a meat ration
 A - 2 royal jellies


   Skills:
 * Level 9.2 Fighting
 * Level 14.0 Axes
 + Level 0.8 Throwing
 * Level 9.1 Armour
 + Level 1.8 Dodging
 + Level 1.5 Stealth
 * Level 7.2 Shields
 * Level 5.1 Evocations


You had 10 spell levels left.
You didn't know any spells.

Dungeon Overview and Level Annotations

Branches:
Dungeon (11/15)            Temple (1/1) D:5            Lair (2/6) D:9
  Swamp: Lair:2-4    Shoals: Lair:2-4     Snake: Lair:2-4    Spider: Lair:2-4
    Orc: D:9-12

Altars:
Ashenzari
Elyvilon
Gozag
Hepliaklqana
Makhleb
Okawaru
Sif Muna
Yredelemnul
Zin

Shops:
D:2 *   D:5 =[[   D:7 *


Message History

Press: ? - help, Shift-Dir - straight line, f/p - manticore
Aim: a manticore (heavily wounded)
The manticore seems to speed up.
This wand has 12 charges left.
The manticore flicks its tail.
The volley of spikes misses you.
Evoke which item? (* to show all) (? for menu, Esc to quit)
Aiming: Random Effects
Press: ? - help, Shift-Dir - straight line, f/p - manticore
Aim: a manticore (heavily wounded, fast)
The manticore flickers and vanishes!
Deactivating autopickup; reactivate with Ctrl-A.
This wand has 11 charges left.
You flicker for a moment.
Something bites you but does no damage. Something claws you but does no damage.
Something claws you.
* * * LOW HITPOINT WARNING * * *
You closely miss something. Something bites you but does no damage.
Something claws you but does no damage. x2
You hit something but do no damage. Something bites you!
You die...

#.......#
#.......#
#..)....#
#..$....#
+.......#
#.?.....+
#.......#
#†..{@..#
#.......#
#########


There were no monsters in sight!

Vanquished Creatures
  A two-headed ogre (D:8)
  An unseen horror (D:10)
  An elephant (D:8)
  A troll (D:9)
  The ghost of arttle the Basher, an amateur MiBe of Trog (D:4)
  Grinder (D:3)
  A hornet (D:10)
  A hippogriff (Lair:1)
  Eustachio (D:5)
  2 yaks
  A basilisk (D:8)
  3 vampire mosquitoes (D:7)
  Menkaure (D:6)
  A water moccasin (Lair:1)
  An orc warrior (D:7)
  An ice beast (D:5)
  A porcupine (Lair:1)
  A black bear (D:5)
  3 sky beasts
  A necrophage (D:7)
  6 ogres
  2 centaurs
  2 crocodiles
  3 big kobolds
  7 bullfrogs
  A gnoll sergeant (D:5)
  A water moccasin zombie (D:9)
  2 scorpions
  7 wights
  15 killer bees
  2 howler monkeys
  A bullfrog zombie (D:5)
  4 jellies
  A centaur zombie (Ossuary)
  2 crimson imps
  2 quasits (D:8)
  6 hounds
  A human zombie (Ossuary)
  9 orc priests
  2 bullfrog skeletons
  11 orc wizards
  An iguana (D:5)
  6 worker ants
  6 big kobold zombies (Ossuary)
  3 hound zombies
  A hound skeleton (D:7)
  3 mummies (Ossuary)
  A worker ant zombie (D:8)
  A howler monkey zombie (D:6)
  11 gnolls
  9 adders
  2 shadow imps
  2 adder zombies
  3 worms
  2 dart slugs
  4 leopard geckos
  29 orcs
  6 giant cockroaches
  8 hobgoblins
  15 jackals
  5 quokkas
  4 bats
  3 frilled lizards
  A gnoll zombie (Ossuary)
  5 goblins
  4 goblin zombies (Ossuary)
  5 hobgoblin zombies (Ossuary)
  6 jackal zombies
  17 kobolds
  3 kobold zombies (Ossuary)
  A leopard gecko skeleton (D:8)
  A leopard gecko zombie (D:8)
  An orc zombie (Ossuary)
  4 quokka zombies (Ossuary)
  6 rats
  2 rat zombies (Ossuary)
293 creatures vanquished.

Vanquished Creatures (others)
  A troll (D:11)
1 creature vanquished.

Grand Total: 294 creatures vanquished

Notes
Turn   | Place    | Note
-------+----------+-------------------------------------------
     0 | D:1      | homeworkjunkie the Hill Orc Fighter began the quest for the Orb.
     0 | D:1      | Reached XP level 1. HP: 19/19 MP: 1/1
   165 | D:1      | Reached XP level 2. HP: 22/27 MP: 2/2
   561 | D:2      | Reached skill level 3 in Axes
   561 | D:2      | Reached XP level 3. HP: 31/33 MP: 3/3
  1004 | D:3      | Reached skill level 4 in Axes
  1004 | D:3      | Reached XP level 4. HP: 24/40 MP: 4/4
  1098 | D:3      | Noticed Grinder
  1122 | D:4      | Found a sand-covered staircase.
  1127 | Ossuary  | Entered an ossuary
  1170 | Ossuary  | Reached XP level 5. HP: 30/46 MP: 5/5
  1397 | Ossuary  | Reached skill level 5 in Axes
  1473 | Ossuary  | Reached XP level 6. HP: 36/53 MP: 6/6
  1579 | Ossuary  | Reached skill level 6 in Axes
  2025 | D:3      | Killed Grinder
  2025 | D:3      | Reached skill level 5 in Fighting
  2025 | D:3      | Reached skill level 7 in Axes
  2025 | D:3      | Reached XP level 7. HP: 8/61 MP: 7/7
  2631 | D:3      | Found an iron altar of Okawaru.
  2755 | D:3      | Became a worshipper of Warmaster Okawaru
  2893 | D:2      | Found Zin's Purification Station.
  2896 | D:2      | Found a glowing silver altar of Zin.
  3242 | D:2      | Found a burning altar of Makhleb.
  3557 | D:4      | Noticed arttle's ghost (amateur MiBe)
  3609 | D:5      | Entered Level 5 of the Dungeon
  3609 | D:5      | Found Oqonucidwa's Antique Armour Boutique.
  3630 | D:4      | Reached skill level 5 in Armour
  3663 | D:5      | Found Kauh's Armour Shop.
  3746 | D:5      | Reached skill level 8 in Axes
  3968 | D:5      | Reached XP level 8. HP: 60/69 MP: 8/8
  3972 | D:5      | Found a basalt altar of Yredelemnul.
  4255 | D:5      | Found Jegocwet's Jewellery Shop.
  4401 | D:5      | Reached skill level 9 in Axes
  4600 | D:5      | Found a staircase to the Ecumenical Temple.
  4608 | Temple   | Entered the Ecumenical Temple
  4795 | D:5      | Reached * piety under Okawaru
  4795 | D:5      | Reached skill level 5 in Shields
  5266 | D:4      | Reached skill level 10 in Axes
  5298 | D:4      | Reached skill level 1 in Dodging
  5507 | D:4      | Killed arttle's ghost
  5507 | D:4      | Reached ** piety under Okawaru
  5507 | D:4      | Reached skill level 1 in Evocations
  5507 | D:4      | Reached XP level 9. HP: 44/78 MP: 9/9
  6116 | D:6      | Noticed Eustachio
  6116 | D:6      | Reached skill level 11 in Axes
  6119 | D:6      | Noticed Menkaure
  6126 | D:6      | Killed Menkaure
  6148 | D:5      | Killed Eustachio
  7454 | D:5      | Bought a +1 buckler of positive energy for 175 gold pieces
  7465 | D:5      | Identified a scroll of acquirement
  7482 | D:5      | Bought a glowing plate armour for 702 gold pieces
  7482 | D:5      | Bought a pair of glowing boots for 202 gold pieces
  7633 | D:7      | Reached *** piety under Okawaru
  7711 | D:7      | Found Zaheqov's Assorted Antiques.
  7716 | D:7      | Bought a scroll of identify for 42 gold pieces
  7842 | D:7      | Reached XP level 10. HP: 86/86 MP: 12/12
  8081 | D:7      | Reached skill level 12 in Axes
  8456 | D:9      | Found a hazy altar of Hepliaklqana.
  8887 | D:8      | Noticed a two-headed ogre
  8906 | D:8      | Killed a two-headed ogre
  8906 | D:8      | Reached **** piety under Okawaru
  9215 | D:8      | Reached skill level 13 in Axes
  9224 | D:9      | Found a staircase to the Lair.
  9224 | D:9      | Noticed an elephant
  9408 | D:8      | Killed an elephant
  9408 | D:8      | Reached skill level 1 in Stealth
  9565 | Lair:1   | Entered Level 1 of the Lair of Beasts
  9669 | Lair:1   | Reached ***** piety under Okawaru
  9868 | D:9      | Reached XP level 11. HP: 81/95 MP: 14/14
 10248 | D:10     | Entered Level 10 of the Dungeon
 10306 | D:9      | Received a gift from Okawaru
 10318 | D:9      | Identified a +0 pair of boots of running (Okawaru gifted it to you on level 9 of the Dungeon)
 11384 | D:10     | Killed an unseen horror
 11384 | D:10     | Reached skill level 14 in Axes
 11440 | D:10     | Reached skill level 5 in Evocations
 11466 | D:10     | HP: 4/97 [troll (4)]
 11467 | D:11     | Noticed a manticore
 11480 | D:11     | HP: 4/97 [troll (4)]
 11480 | D:11     | HP: 1/97 [manticore (3)]
 11485 | D:11     | HP: 3/97 [troll (5)]
 11495 | D:11     | HP: 2/97 [something (3)]
 11497 | D:11     | Mangled by a manticore

Skill      XL: |  1  2  3  4  5  6  7  8  9 10 11 |
---------------+----------------------------------+-----
Axes           | 3 4 5 7 8 10 11 13 14 | 14.0
Fighting       | 4 5 6 7 8 9 |  9.2
Armour         | 4 5 6 7 8 9 |  9.1
Shields        | 4 5 6 7 |  7.2
Dodging        | 1 |  1.8
Evocations     | 1 2 4 5 |  5.1
Stealth        | 1 |  1.5
Throwing       | |  0.8

Action                   |  1- 3 |  4- 6 |  7- 9 | 10-12 || total
-------------------------+-------+-------+-------+-------++-------
Melee: War axe           |    82 |   198 |   479 |   449 ||  1208
Throw: Tomahawk          |       |       |    13 |     7 ||    20
Evoke: Wand              |       |       |    12 |    10 ||    22
  Use: Scroll            |     1 |     1 |    17 |     7 ||    26
       Potion            |       |     1 |     1 |     7 ||     9
 Stab: Paralysed         |       |       |       |     4 ||     4
       Invisible         |       |       |       |     6 ||     6
  Eat: Royal jelly       |       |     1 |     3 |       ||     4
       Bread ration      |       |     1 |     2 |       ||     3
       Chunk             |       |       |     2 |     1 ||     3
       Meat ration       |       |       |     1 |       ||     1
       Fruit             |       |       |       |     9 ||     9
Armor: Scale mail        |    34 |       |   117 |       ||   151
       Chain mail        |    18 |   114 |    31 |       ||   163
       Plate armour      |       |       |    22 |   287 ||   309
Dodge: Dodged            |    32 |    40 |   112 |   194 ||   378
Block: Shield            |    40 |    80 |   171 |       ||   291
       Buckler           |       |       |     7 |   140 ||   147
